 Dungeon Sprint DCSS version 0.21-a0-215-g0631661 (webtiles) character file.

989 potatolord6000 the Fighter (level 7, -3/64 HPs)
             Began as a Demonspawn Fighter on Aug 22, 2017.
             Was an Initiate of Gozag.
             Slain by a vampire (8 damage)
             ... in the Dungeon (Sprint IX: "|||||||||||||||||||||||||||||").
             The game lasted 00:02:44 (242 turns).

potatolord6000 the Fighter (Demonspawn Fighter)      Turns: 242, Time: 00:02:44

Health: -3/64      AC: 14    Str: 24    XL:     7   Next: 98%
Magic:  7/7        EV:  8    Int: 14    God:    Gozag
Gold:   459        SH: 12    Dex: 13    Spells: 6/6 levels left

rFire    . . .     SeeInvis .   a - +0 long sword
rCold    . . .     Gourm    .   c - +0 shield
rNeg     . . .     Faith    .   o - +1 scale mail
rPois    .         Spirit   .   (no helmet)
rElec    .         Reflect  .   m - +0 cloak
rCorr    .         Harm     .   n - +0 pair of gloves
MR       .....     NoTele   +   (no boots)
Stlth    +.........             (no amulet)
HPRegen  0.20/turn              b - +3 ring of strength
MPRegen  0.10/turn              p - +3 ring of strength

@: brilliant, gold aura, berserk cooldown, hasted and slowed
A: icy blue scales 1, nightstalker 1, powered by death 1
a: Potion Petition, Call Merchant, Bribe Branch, Renounce Religion


You were in the Dungeon.
You worshipped Gozag.
Gozag was aware of your devotion.
You were not hungry.

You visited 1 branch You collected 459 gold pieces.

Inventory:

Hand Weapons
 a - a +0 long sword (weapon)
Armour
 c - a +0 shield (worn)
 m - a +0 cloak (worn)
 n - a +0 pair of gloves (worn)
 o - a +1 scale mail (worn)
Jewellery
 b - a +3 ring of strength (left hand)
 p - a +3 ring of strength (right hand)
Scrolls
 h - 3 scrolls of remove curse
 k - 2 scrolls of blinking
 l - 2 scrolls of amnesia
Potions
 e - 3 potions of curing
 i - 4 potions of magic
Comestibles
 f - a bread ration


   Skills:
 + Level 9.3 Fighting
 + Level 8.1 Long Blades
 + Level 8.6 Armour
 + Level 8.6 Shields


You had 6 spell levels left.
You didn't know any spells.

Dungeon Overview and Level Annotations

Branches:
Dungeon (1/1)

Altars:
Cheibriados
Dithmenos
Elyvilon
Fedhas
Gozag
Hepliaklqana
Kikubaaqudgha
Makhleb
Nemelex Xobeh
Okawaru
Qazlal
Ru
Sif Muna
Trog
Uskayaw
Vehumet
Wu Jian
Xom
Yredelemnul
Zin
The Shining One
Beogh
Jiyva
Lugonu


Innate Abilities, Weirdness & Mutations

You are partially covered in icy blue scales. (AC +2)
You are slightly more attuned to the shadows.
You regenerate a little health from kills.


Message History

You feel yourself slow down.
Unknown command.
You closely miss something. Something hits you.
* * * LOW HITPOINT WARNING * * *
Something bites you.
* * * LOW HITPOINT WARNING * * *
Something draws strength from your injuries!
You closely miss something. Something hits you.
* * * LOW HITPOINT WARNING * * *
Something bites you!
* * * LOW HITPOINT WARNING * * *
Something draws strength from your injuries!
You completely miss something.
Unknown command.
Unknown command.
You barely miss something. Something hits you.
* * * LOW HITPOINT WARNING * * *
Something bites you!
You die...
Your body crumbles into a pile of gold.

▓.▓
$
▓'▓
$
▓[▓
▓(▓
$
▓.▓
$
▓.▓
$
▓.▓
$
▓.▓
$
▓@▓
▓{▓
▓.▓
▓5▓
▓.▓
▓.▓
▓.▓


You could see a crimson imp.

Vanquished Creatures
  A hornet (D)
  A hippogriff (D)
  A hungry ghost (D)
  An ice beast (D)
  2 centaurs (D)
  An ogre (D)
  A crocodile (D)
  A crimson imp (D)
  A jelly (D)
  An adder (D)
  An ooze (D)
  2 orcs (D)
  A giant cockroach (D)
  A hobgoblin (D)
  A bat (D)
  A frilled lizard (D)
  A rat (D)
19 creatures vanquished.

Notes
Turn   | Place    | Note
-------+----------+-------------------------------------------
     0 | D        | potatolord6000 the Demonspawn Fighter began the quest for the Orb.
     0 | D        | Reached XP level 1. HP: 18/18 MP: 1/1
    45 | D        | Noticed a crimson imp
    45 | D        | Noticed a jelly
    45 | D        | Noticed an ogre
    49 | D        | Gained mutation: You regenerate a little health from kills. [demonic ancestry]
    49 | D        | Reached XP level 2. HP: 19/25 MP: 2/2
    65 | D        | Reached skill level 4 in Fighting
    65 | D        | Reached XP level 3. HP: 16/31 MP: 3/3
    69 | D        | Killed an ogre
    69 | D        | Reached skill level 5 in Fighting
    69 | D        | Reached skill level 5 in Armour
    69 | D        | Reached skill level 5 in Shields
    69 | D        | Reached XP level 4. HP: 21/40 MP: 4/4
    73 | D        | Reached skill level 6 in Fighting
    73 | D        | Gained mutation: You are slightly more attuned to the shadows. [demonic ancestry]
    73 | D        | Reached XP level 5. HP: 25/46 MP: 5/5
    84 | D        | Found a roughly hewn altar of Beogh.
    84 | D        | Found a snail-covered altar of Cheibriados.
    84 | D        | Found a shadowy altar of Dithmenos.
    84 | D        | Found a white marble altar of Elyvilon.
    84 | D        | Found a blossoming altar of Fedhas.
    85 | D        | Found an opulent altar of Gozag.
    86 | D        | Found a hazy altar of Hepliaklqana.
    87 | D        | Found a viscous altar of Jiyva.
    88 | D        | Found an ancient bone altar of Kikubaaqudgha.
    89 | D        | Found a corrupted altar of Lugonu.
    90 | D        | Found a burning altar of Makhleb.
    91 | D        | Found a sparkling altar of Nemelex Xobeh.
    92 | D        | Became a worshipper of Gozag Ym Sagoz the Greedy
    93 | D        | Found an iron altar of Okawaru.
    94 | D        | Found a stormy altar of Qazlal.
    95 | D        | Found a sacrificial altar of Ru.
    96 | D        | Found a deep blue altar of Sif Muna.
    97 | D        | Found a bloodstained altar of Trog.
    98 | D        | Found a hide-covered altar of Uskayaw.
    99 | D        | Found a radiant altar of Vehumet.
   100 | D        | Found an ornate altar of the Wu Jian Council.
   101 | D        | Found a shimmering altar of Xom.
   102 | D        | Found a basalt altar of Yredelemnul.
   103 | D        | Found a glowing silver altar of Zin.
   104 | D        | Found a glowing golden altar of the Shining One.
   155 | D        | Noticed an ice beast
   155 | D        | Noticed a crocodile
   155 | D        | Noticed a hungry ghost
   156 | D        | Noticed a hornet
   158 | D        | Reached skill level 5 in Long Blades
   176 | D        | Killed an ice beast
   181 | D        | Killed a crocodile
   181 | D        | Reached skill level 7 in Fighting
   181 | D        | Reached XP level 6. HP: 52/55 MP: 6/6
   187 | D        | Killed a hungry ghost
   190 | D        | Paralysed by a hornet for 2 turns
   201 | D        | Killed a hornet
   201 | D        | Reached skill level 8 in Fighting
   201 | D        | Gained mutation: You are partially covered in icy blue scales. (AC +2) [demonic ancestry]
   201 | D        | Reached XP level 7. HP: 39/63 MP: 7/7
   213 | D        | Noticed a hippogriff
   213 | D        | Noticed a vampire
   229 | D        | Killed a hippogriff
   229 | D        | Reached skill level 9 in Fighting
   242 | D        | Slain by a vampire

Vault maps used:
D:        linesprint

Skill      XL: |  1  2  3  4  5  6  7 |
---------------+----------------------+-----
Long Blades    | 2 3 4 6 7 8 |  8.1
Armour         | 3 4 5 6 7 8 |  8.6
Shields        | 3 4 5 6 7 8 |  8.6
Fighting       | 4 5 6 7 8 9 |  9.3

Action                   |  1- 3 |  4- 6 |  7- 9 || total
-------------------------+-------+-------+-------++-------
Melee: Long sword        |    37 |    43 |    26 ||   106
Invok: Potion Petition   |       |       |     1 ||     1
  Use: Potion            |     2 |     6 |     1 ||     9
 Stab: Invisible         |       |     5 |       ||     5
       Distracted        |       |       |     1 ||     1
Armor: Scale mail        |    16 |    11 |    30 ||    57
Dodge: Dodged            |     9 |    10 |    11 ||    30
Block: Shield            |    10 |    25 |    21 ||    56
       Rpst.: Long sword |     2 |     1 |       ||     3

Table legend:
 A = Spawn XP
 B = Non-spawn XP
 C = Spawn XP percentage of total XP
 D = Spawn monster count
 E = Non-spawn monster count
 F = Spawn count percentage of total count
 G = Total turns spent on level
                    A         B        C        D         E        F      G
               +---------+---------+-------+---------+---------+-------+---------
         Total |       0 |    1414 |   0.0 |       0 |      19 |   0.0 |   242
               +---------+---------+-------+---------+---------+-------+---------
             D |       0 |    1414 |   0.0 |       0 |      19 |   0.0 |   242
               +---------+---------+-------+---------+---------+-------+---------
